 Dungeon Crawl Stone Soup version 0.22-a0-469-gf26638a (webtiles) character file.

64 pobbes the Skirmisher (level 4, -8/29 HPs)
             Began as a Gargoyle Monk on June 12, 2018.
             Was a Believer of Zin.
             Mangled by Sigmund
             ... wielding a +0 scythe
              (9 damage)
             ... on level 4 of the Dungeon.
             The game lasted 00:10:26 (1884 turns).

pobbes the Skirmisher (Gargoyle Monk)               Turns: 1884, Time: 00:10:26

Health: -8/29      AC:  8    Str: 16    XL:     4   Next: 12%
Magic:  2/4        EV: 11    Int: 11    God:    Zin [**....]
Gold:   118        SH:  3    Dex: 14    Spells: 3/3 levels left

rFire    . . .     SeeInvis .   a - +0 mace
rCold    . . .     Gourm    .   g - +0 buckler
rNeg     + + .     Faith    .   n - +0 ring mail
rPois    ∞         Spirit   .   (no helmet)
rElec    +         Reflect  .   (no cloak)
rCorr    .         Harm     .   (no gloves)
MR       .....                  (no boots)
Stlth    +.........             (no amulet)
HPRegen  0.09/turn              b - ring of positive energy (curse)
MPRegen  0.09/turn              (no ring)

@: vitalised
A: negative energy resistance 1, electricity resistance, unbreathing,
petrification resistance, rot immunity, AC +3
a: Recite, Vitalisation, Donate Gold, Renounce Religion


You were on level 4 of the Dungeon.
You worshipped Zin.
Zin was pleased with you.
You were not hungry.

You visited 1 branch of the dungeon, and saw 4 of its levels.

You collected 131 gold pieces.
You donated 13 gold pieces to Zin.

Inventory:

Hand Weapons
 a - a +0 mace (weapon)
Armour
 g - a +0 buckler (worn)
 n - a +0 ring mail (worn)
Jewellery
 b - a cursed ring of positive energy (left hand)
Scrolls
 e - 2 scrolls of identify {unknown}
 f - a scroll of enchant armour {unknown}
 i - a scroll of teleportation {unknown}
 j - 5 scrolls of remove curse {unknown}
 l - a scroll of enchant weapon {unknown}
Potions
 d - a potion of curing {unknown}
 h - a potion of brilliance {unknown}
 k - a potion of degeneration {unknown}
 m - a potion of agility {unknown}
 o - a potion of lignification {unknown}
Comestibles
 c - 2 rations
 p - 3 chunks of flesh


   Skills:
 + Level 3.7 Fighting
 * Level 1.7 Maces & Flails
   Level 2.9 Polearms
 + Level 0.1 Armour
 + Level 3.0 Dodging
 + Level 2.5 Stealth
 + Level 0.4 Shields


You had 3 spell levels left.
You didn't know any spells.
Your spell library was empty.

Dungeon Overview and Level Annotations

Branches:
Dungeon (4/15)
 Temple: D:4-7

Altars:
Makhleb
Nemelex Xobeh
Zin

Annotations:
D:4 Sigmund


Innate Abilities, Weirdness & Mutations

You are resistant to torment.
Your stone body is resilient. (AC +3)
You are immune to poison.
You resist negative energy. (rN+)
You are resistant to electric shocks. (rElec)
You can survive without breathing.
You are immune to petrification.
You are immune to rotting.


Message History

You closely miss something. Something hits you but does no damage.
You closely miss something. Something hits you but does no damage.
You miss something. You hit something. Something hits you.
You hit something. Something hits you but does no damage.
You miss something.
You hear some strange, mumbled words.
A puff of flame appears from out of thin air!
The puff of flame misses you. Something hits you but does no damage.
Something hits you!
You fail to use your ability.
Something hits you.
* * * LOW HITPOINT WARNING * * *
Zin grants you divine stamina. Something hits you but does no damage.
You hit something. Something hits you.
* * * LOW HITPOINT WARNING * * *
You fail to use your ability.
Something completely misses you.
You fail to use your ability.
Something hits you!
You die...

##########
.........##
...#####...#####
#......@.......#
...#####...###.#
##.## #.#
###.####.###
.......<...#
###.####.#†# #.#
#.#÷# #.. #.#.#
#.#.#


There were no monsters in sight!

Vanquished Creatures
  An adder (D:3)
  2 oozes
  A dart slug (D:1)
  A leopard gecko (D:3)
  6 bats
  4 giant cockroaches
  3 hobgoblins
  4 jackals (D:4)
  6 kobolds
  A quokka (D:3)
  4 frilled lizards
  4 goblins
  5 rats
42 creatures vanquished.

Notes
Turn   | Place    | Note
-------+----------+-------------------------------------------
     0 | D:1      | pobbes the Gargoyle Monk began the quest for the Orb.
     0 | D:1      | Reached XP level 1. HP: 14/14 MP: 1/1
   110 | D:1      | Reached XP level 2. HP: 15/19 MP: 2/2
   656 | D:2      | Reached XP level 3. HP: 24/24 MP: 3/3
   860 | D:2      | Found a burning altar of Makhleb.
   862 | D:2      | Found a glowing silver altar of Zin.
   862 | D:2      | Noticed a green death
   862 | D:2      | Noticed an angel
   870 | D:2      | Became a worshipper of Zin the Law-Giver
   870 | D:2      | Reached * piety under Zin
   870 | D:2      | Reached ** piety under Zin
  1360 | D:3      | Found a sparkling altar of Nemelex Xobeh.
  1508 | D:3      | Reached skill level 1 in Maces & Flails
  1748 | D:3      | Reached XP level 4. HP: 29/29 MP: 4/4
  1861 | D:4      | Noticed Sigmund
  1880 | D:4      | HP: 1/29 [something (5)]
  1884 | D:4      | Mangled by Sigmund

Vault maps used:
D:1:      minmay_arrival_stone_box, minmay_distorted
D:2:      grunt_temple_overflow_order_and_chaos_2, kennysheep_generic_room_12
D:3:      nemelex_xobeh_ov_fountains_minmay, patterned_corridor
D:4:      uniq_sigmund

Skill      XL: |  1  2  3 |
---------------+----------+-----
Maces & Flails | 1 |  1.7
Dodging        | 3 |  3.0
Fighting       | |  3.7
Polearms       | |  2.9
Armour         | |  0.1
Stealth        | |  2.5
Shields        | |  0.4

Action                   |  1- 3 |  4- 6 || total
-------------------------+-------+-------++-------
Melee: Spear             |    37 |       ||    37
       Whip              |    60 |       ||    60
       Mace              |    47 |    24 ||    71
Invok: Vitalisation      |       |     1 ||     1
 Stab: Sleeping          |     5 |       ||     5
  Eat: Chunk             |     2 |     1 ||     3
Armor: Leather armour    |    47 |       ||    47
       Ring mail         |    12 |    11 ||    23
Dodge: Dodged            |    98 |    16 ||   114
Block: Buckler           |    12 |     4 ||    16

Table legend:
 A = Spawn XP
 B = Non-spawn XP
 C = Spawn XP percentage of total XP
 D = Spawn monster count
 E = Non-spawn monster count
 F = Spawn count percentage of total count
 G = Total turns spent on level
                    A         B        C        D         E        F      G
               +---------+---------+-------+---------+---------+-------+---------
         Total |       0 |      92 |   0.0 |       0 |      42 |   0.0 |  1884
               +---------+---------+-------+---------+---------+-------+---------
           D:1 |       0 |      23 |   0.0 |       0 |       9 |   0.0 |   410
           D:2 |       0 |      16 |   0.0 |       0 |      12 |   0.0 |   636
           D:3 |       0 |      45 |   0.0 |       0 |      17 |   0.0 |   788
           D:4 |       0 |       8 |   0.0 |       0 |       4 |   0.0 |    50
               +---------+---------+-------+---------+---------+-------+---------
